 Dungeon Crawl Stone Soup version 0.30.1-3-gfc49f6343a (webtiles) character file.

Game seed: 14838359423404123863

44 Martska the Trooper (level 3, 0/39 HPs)
             Began as an Ogre Gladiator on July 19, 2023.
             Succumbed to an adder's poison
             ... on level 3 of the Dungeon.
             The game lasted 00:02:36 (1587 turns).

Martska the Trooper (Ogre Gladiator)                Turns: 1587, Time: 00:02:37

Health: 0/39       AC:  4    Str: 27 (28) XL:     3   Next: 62%
Magic:  3/3        EV: 10    Int:  5 (7)  God:
Gold:   92         SH:  0    Dex:  7 (8)  Spells: 2/2 levels left

rFire   + . .        a - +0 flail
rCold   . . .        (no shield)
rNeg    . . .        b - +0 robe
rPois   +            c - +0 hat
rElec   +            s - +0 cloak
rCorr   +            (gloves unavailable)
SInv    .            (boots unavailable)
Will    .....        (no amulet)
Stlth   +            (no ring)
HPRegen 0.26/turn    (no ring)
MPRegen 0.08/turn

%: no passive effects
@: mighty, lethally poisoned (0 -> -1), resistant, attractive, invisible
A: large, unfitting armour, tough skin 1, strong 2, cold vulnerability 1
a: no special abilities


You were on level 3 of the Dungeon.
You visited 1 branch of the dungeon, and saw 3 of its levels.

You collected 92 gold pieces.

Inventory:

Hand Weapons
 a - a +0 flail (weapon)
Missiles
 d - 4 throwing nets (quivered)
 e - a large rock
Armour
 b - a +0 robe (worn)
 c - a +0 hat (worn)
 s - a +0 cloak (worn)
Jewellery
 m - an amulet of regeneration
Scrolls
 f - a scroll of poison {unknown}
 g - a scroll of teleportation {unknown}
 i - 2 scrolls of summoning {unknown}
 p - a scroll of noise {unknown}
 q - a scroll of blinking {unknown}
 r - 2 scrolls of vulnerability {unknown}
 t - a scroll of fear {unknown}
Potions
 n - a potion of might


   Skills:
 * Level 3.7 Fighting
 * Level 3.2 Maces & Flails
 - Level 2.0 Throwing
 * Level 3.2 Dodging


You had 2 spell levels left.
You didn't know any spells.
Your spell library contained the following spells:

 Spells                   Type           Power      Damage    Failure   Level
 Vhi's Electric Charge    Tloc/Air       0%         N/A       85%         3
 Volatile Blastmotes      Fire/Tloc      0%         2d10      85%         3
 Fulminant Prism          Conj/Hex       0%         3d5       99%         4
 Iskenderun's Mystic Bla  Conj/Tloc      0%         2d3       99%         4
 Arcjolt                  Conj/Air       0%         1d10      100%        5
 Lee's Rapid Deconstruct  Erth           0%         3d4*      100%        5
 Maxwell's Capacitive Co  Air            0%         ∞         100%        8


Dungeon Overview and Level Annotations

Branches:
Dungeon (3/15)

Altars:


Innate Abilities, Weirdness & Mutations

You are too large for most types of armour.
You have tough skin. (AC +1)
Your muscles are very strong. (Str +8, Int/Dex -2)
You are vulnerable to cold. (rC-)


Message History

You closely miss the adder.
The adder is heavily wounded.
You feel sick. The adder closely misses you. The adder bites you.
* * * LOW HITPOINT WARNING * * *
You are more poisoned.
The adder poisons you!
It was a potion of might.
You feel very mighty all of a sudden.
* * * LOW HITPOINT WARNING * * *
You feel very sick. The adder closely misses you.
You barely miss the adder.
The adder is moderately wounded.
* * * LOW HITPOINT WARNING * * *
You feel sick. The adder misses you. The adder barely misses you.
You miss the adder.
The adder is moderately wounded.
* * * LOW HITPOINT WARNING * * *
You feel sick. The adder misses you. The adder bites you.
* * * LOW HITPOINT WARNING * * *
It was a potion of invisibility.
You fade into invisibility!
* * * LOW HITPOINT WARNING * * *
You feel sick. The adder misses you.
It was a potion of degeneration.
There was something very wrong with that liquid.
You feel weakened.
You feel dopey.
You feel clumsy.
* * * LOW HITPOINT WARNING * * *
You feel sick. The adder barely misses you.
It was a potion of attraction.
You feel attractive to monsters.
* * * LOW HITPOINT WARNING * * *
You feel sick. The adder completely misses you. The adder closely misses you.
It was a potion of resistance.
You feel protected.
* * * LOW HITPOINT WARNING * * *
You feel sick. The adder closely misses you.
It was a potion of mutation.
You feel extremely strange.
You feel stronger.
You feel vulnerable to cold.
You feel stronger.
You die...

#. #. #. #.
####.#####
#........##...
#..@S......
##.##.....?
#>##......
#.##.##...
#.##.# ..
#.##.# .
#.##.# #....#
####.#


You could see an adder (unable to see you).

Vanquished Creatures
  A dart slug (D:2)
  3 endoplasms
  4 giant cockroaches
  2 goblins
  A hobgoblin (D:1)
  6 jackals
  6 kobolds
  A quokka (D:1)
  6 ball pythons
  2 bats (D:2)
  A frilled lizard (D:1)
  7 rats
40 creatures vanquished.

Notes
Turn   | Place    | Note
-------+----------+-------------------------------------------
     0 | D:1      | Martska the Ogre Gladiator began the quest for the Orb.
     0 | D:1      | Reached XP level 1. HP: 22/22 MP: 1/1
    86 | D:1      | Reached XP level 2. HP: 31/31 MP: 2/2
   808 | D:2      | Reached XP level 3. HP: 35/37 MP: 3/3
  1585 | D:3      | HP: 1/39 [poisoned by an adder]
  1587 | D:3      | Gained mutation: Your muscles are strong. (Str +4, Int/Dex
                  | -1) [potion of mutation]
  1587 | D:3      | Gained mutation: You are vulnerable to cold. (rC-) [potion
                  | of mutation]
  1587 | D:3      | Gained mutation: Your muscles are very strong. (Str +8,
                  | Int/Dex -2) [potion of mutation]
  1587 | D:3      | Succumbed to an adder's poison

Illustrated notes

Levels and vault maps discovered:
D:1:      dpeg_arrival_shelter, layout_basic, hangedman_abyss_or_decor_stabs,
          minmay_tromino_v4_a
D:2:      layout_loops_ring, kennysheep_generic_room_15
D:3:      layout_loops_ring

Skill      XL: |  1  2 |
---------------+-------+-----
Fighting       | 3 |  3.7
Maces & Flails | 3 |  3.2
Dodging        | 3 |  3.2
Throwing       | |  2.0

Action                     || total
---------------------------++-------
  Melee: Flail             ||   129
    Use: Potion            ||     6
   Stab: Sleeping          ||     1
 Armour: Robe              ||    46
  Dodge: Dodged            ||    96
